 Dungeon Sprint DCSS version 0.23-a0-890-gc183402 (webtiles) character file.

Game seed: 2253001481876256682

1088 galech the Cleaver (level 8, -21/69 HPs)
             Began as a Demonspawn Fighter on Jan 28, 2019.
             Was an Elder of Okawaru.
             Killed from afar by a gargoyle (22 damage)
             ... with a stone arrow
             ... in the Dungeon (Sprint IX: "|||||||||||||||||||||||||||||").
             The game lasted 00:00:58 (265 turns).

galech the Cleaver (Demonspawn Fighter)              Turns: 265, Time: 00:00:59

Health: -21/69     AC: 10    Str: 20    XL:     8   Next: 9%
Magic:  5/8        EV: 10    Int:  9    God:    Okawaru [****..]
Gold:   0          SH: 12    Dex: 18    Spells: 7/7 levels left

rFire    . . .     SeeInvis .   q - +3 war axe (drain)
rCold    . . .     Gourm    .   c - +0 shield
rNeg     . . .     Faith    .   s - +1 scale mail
rPois    .         Spirit   .   (no helmet)
rElec    .         Reflect  .   r - +0 cloak
rCorr    .         Harm     .   (no gloves)
MR       .....     NoTele   +   (no boots)
Stlth    ..........             (no amulet)
HPRegen  0.21/turn              t - +3 ring of dexterity
MPRegen  0.11/turn              u - +3 ring of strength

@: berserk cooldown, slowed, very slow
A: claws 2, demonic guardian 1
a: Heroism, Renounce Religion


You were in the Dungeon.
You worshipped Okawaru.
Okawaru was greatly pleased with you.
You were not hungry.

You visited 1 branch

Inventory:

Hand Weapons
 a - a +0 war axe
 q - a +3 war axe of draining (weapon)
Armour
 b - a +0 scale mail
 c - a +0 shield (worn)
 r - a +0 cloak (worn)
 s - a +1 scale mail (worn)
Jewellery
 t - a +3 ring of dexterity (left claw)
 u - a +3 ring of strength (right claw)
Wands
 p - a wand of acid (10)
Scrolls
 k - 2 scrolls of blinking
 n - 3 scrolls of remove curse
 o - 2 scrolls of amnesia
Potions
 d - a potion of might
 e - 5 potions of curing
 g - 3 potions of heal wounds
 h - a potion of haste
 i - 4 potions of magic
 m - a potion of invisibility
Comestibles
 f - a ration


   Skills:
 + Level 8.4 Fighting
 + Level 9.8 Axes
 + Level 8.2 Armour
 + Level 2.2 Dodging
 + Level 8.2 Shields


You had 7 spell levels left.
You didn't know any spells.
Your spell library was empty.

Dungeon Overview and Level Annotations

Branches:
Dungeon (1/1)

Altars:
Cheibriados
Dithmenos
Elyvilon
Fedhas
Gozag
Hepliaklqana
Kikubaaqudgha
Makhleb
Nemelex Xobeh
Okawaru
Qazlal
Ru
Sif Muna
Trog
Uskayaw
Vehumet
Wu Jian
Xom
Yredelemnul
Zin
The Shining One
Beogh
Jiyva
Lugonu


Innate Abilities, Weirdness & Mutations

You have very sharp fingernails.
A weak demonic guardian rushes to your aid.


Message History

You hit the gargoyle but do no damage.
The gargoyle is moderately damaged.
The gargoyle hits you with a +0 flail!
* * * LOW HITPOINT WARNING * * *
You hit the gargoyle but do no damage.
The gargoyle is moderately damaged.
The gargoyle hurls a stone arrow at you.
The stone arrow hits you!
* * * LOW HITPOINT WARNING * * *
You block the gargoyle's attack.
You hit the gargoyle.
The gargoyle is moderately damaged.
The gargoyle hurls a stone arrow at you.
The stone arrow misses you. The stone arrow hits your iron imp!
You closely miss the gargoyle.
The gargoyle is moderately damaged.
You block the gargoyle's attack.
The gargoyle hurls a stone arrow at you.
The stone arrow hits you!!
You die... ▓▓▓▓▓▓▓▓▓▓▓▓▓▓▓▓▓▓▓▓▓▓▓▓▓▓▓▓▓ ..9...†...[9@55.'____________ ▓▓▓▓▓▓▓▓▓▓▓▓▓▓▓▓▓▓▓▓▓▓▓▓▓▓▓▓▓

You could see a gargoyle, a friendly iron imp and a friendly ufetubus.

Vanquished Creatures
  A two-headed ogre (D)
  A gargoyle (D)
  A yak (D)
  A howler monkey (D)
  A gnoll (D)
  An adder zombie (D)
  A bat (D)
  A giant cockroach zombie (D)
  2 jackal skeletons (D)
  3 kobolds (D)
  A quokka zombie (D)
  A rat (D)
15 creatures vanquished.

Notes
Turn   | Place    | Note
-------+----------+-------------------------------------------
     0 | D        | galech the Demonspawn Fighter began the quest for the Orb.
     0 | D        | Reached XP level 1. HP: 18/18 MP: 1/1
    10 | D        | Reached skill level 2 in Axes
    23 | D        | Noticed a howler monkey
    27 | D        | Gained mutation: You have sharp fingernails. [demonic
                  | ancestry]
    27 | D        | Reached XP level 2. HP: 24/24 MP: 2/2
    46 | D        | Killed a howler monkey
    46 | D        | Reached skill level 3 in Axes
    46 | D        | Gained mutation: You have very sharp fingernails. [demonic
                  | ancestry]
    46 | D        | Reached XP level 3. HP: 20/31 MP: 3/3
   157 | D        | Found a roughly hewn altar of Beogh.
   157 | D        | Found a snail-covered altar of Cheibriados.
   157 | D        | Found a shadowy altar of Dithmenos.
   157 | D        | Found a white marble altar of Elyvilon.
   157 | D        | Found a blossoming altar of Fedhas.
   157 | D        | Found an opulent altar of Gozag.
   158 | D        | Found a hazy altar of Hepliaklqana.
   159 | D        | Found a viscous altar of Jiyva.
   160 | D        | Found an ancient bone altar of Kikubaaqudgha.
   161 | D        | Found a corrupted altar of Lugonu.
   162 | D        | Found a burning altar of Makhleb.
   163 | D        | Found a sparkling altar of Nemelex Xobeh.
   164 | D        | Found an iron altar of Okawaru.
   165 | D        | Found a stormy altar of Qazlal.
   166 | D        | Found a sacrificial altar of Ru.
   167 | D        | Found a deep blue altar of Sif Muna.
   168 | D        | Found a bloodstained altar of Trog.
   169 | D        | Found a hide-covered altar of Uskayaw.
   170 | D        | Found a radiant altar of Vehumet.
   171 | D        | Found an ornate altar of the Wu Jian Council.
   172 | D        | Found a shimmering altar of Xom.
   174 | D        | Became a worshipper of Warmaster Okawaru
   176 | D        | Found a basalt altar of Yredelemnul.
   177 | D        | Found a glowing silver altar of Zin.
   178 | D        | Found a glowing golden altar of the Shining One.
   223 | D        | Noticed a gargoyle
   223 | D        | Noticed a gargoyle
   223 | D        | Noticed a two-headed ogre
   223 | D        | Noticed a yak
   228 | D        | Killed a yak
   228 | D        | Reached * piety under Okawaru
   228 | D        | Reached skill level 5 in Fighting
   228 | D        | Reached skill level 5 in Axes
   228 | D        | Reached skill level 5 in Armour
   228 | D        | Reached skill level 5 in Shields
   228 | D        | Gained mutation: A weak demonic guardian rushes to your
                  | aid. [demonic ancestry]
   228 | D        | Reached XP level 4. HP: 31/40 MP: 4/4
   228 | D        | Reached XP level 5. HP: 36/46 MP: 5/5
   247 | D        | Killed a two-headed ogre
   247 | D        | Reached ** piety under Okawaru
   247 | D        | Reached *** piety under Okawaru
   247 | D        | Reached skill level 9 in Axes
   247 | D        | Reached XP level 6. HP: 33/56 MP: 3/6
   247 | D        | Reached XP level 7. HP: 37/62 MP: 3/7
   253 | D        | Killed a gargoyle
   253 | D        | Reached **** piety under Okawaru
   253 | D        | Reached XP level 8. HP: 36/69 MP: 3/8
   263 | D        | HP: 1/69 [gargoyle/stone arrow (11)]
   265 | D        | Killed from afar by a gargoyle

Vault maps used:
D:        linesprint

Skill      XL: |  1  2  3  4  5  6  7 |
---------------+----------------------+-----
Armour         | 3 4 5 7 8 |  8.2
Shields        | 3 4 5 7 8 |  8.2
Axes           | 2 3 5 9 |  9.8
Fighting       | 4 5 8 |  8.4
Dodging        | 2 |  2.2

Action                   |  1- 3 |  4- 6 |  7- 9 || total
-------------------------+-------+-------+-------++-------
Melee: War axe           |    35 |     7 |    15 ||    57
Invok: Heroism           |       |     1 |       ||     1
  Use: Potion            |       |     1 |       ||     1
Armor: Scale mail        |    14 |     1 |       ||    15
Dodge: Dodged            |     9 |       |     3 ||    12
Block: Shield            |    15 |     4 |     8 ||    27

Table legend:
 A = Non-vault XP
 B = Vault XP
 C = Vault XP percentage of total XP
 D = Non-vault monster count
 E = Vault monster count
 F = Vault count percentage of total count
                 A         B        C        D         E       F
            +---------+---------+-------+---------+---------+-------
      Total |       0 |    1555 | 100.0 |       0 |      15 | 100.0
            +---------+---------+-------+---------+---------+-------
          D |       0 |    1555 | 100.0 |       0 |      15 | 100.0
            +---------+---------+-------+---------+---------+-------
